 Dungeon Crawl Stone Soup version 0.30-a0-137-gd8773701ce (webtiles) character file.

Game seed: 1505467292292093070

1759166 Ofeo the Slayer (level 27, 238/238 HPs)
             Began as a Demonspawn Delver on Sept 20, 2022.
             Was an Initiate of Gozag.
             Escaped with the Orb
             ... and 4 runes on Sept 23, 2022!
             The game lasted 04:27:12 (123504 turns).

Ofeo the Slayer (Demonspawn Delver)               Turns: 123504, Time: 04:27:13

Health: 238/238    AC: 31    Str: 39    XL:     27
Magic:  43/43      EV: 18    Int: 30    God:    Gozag
Gold:   587        SH:  5    Dex: 18    Spells: 0/58 levels left

rFire   + . .      SeeInvis +      - Unarmed
rCold   x . .      Faith    .    (no shield)
rNeg    . . .      Spirit   +    T - +6 ice dragon scales
rPois   +          Reflect  +    P - +2 helmet {SInv}
rElec   +          Harm     .    w - +2 cloak of Sophism {Rampage rC- Str+4 Int+4}
rCorr   +          Rampage  +    (gloves unavailable)
Will    +++++      Clarity  +    N - +0 pair of boots of the Dungeon {Str+4 Dex+5}
Stlth   ++........               C - amulet "Xenezoel" {Reflect Fragile Will+++ Regen+ rCorr SH+5, !r}
HPRegen 1.29/turn                Z - ring "Kod Semoav" {rPois rF+ Will+ Int+6 Dex-4}
MPRegen 0.56/turn                b - ring "Binizxu" {Fire Contam rCorr Str+10 Int+5}

@: gold aura, studying 3 skills
A: claws 3, thin metallic scales 3, foul stench 3, magic shield, magic
regeneration, magic link, black mark, bedeviling, aura of silence, talons 1,
clarity, deformed body, cold vulnerability 1, MP-powered wands, noise
suppression
0: Orb of Zot
}: 4/15 runes: decaying, slimy, silver, gossamer
a: Renounce Religion, Potion Petition, Call Merchant, Bribe Branch


You escaped.
You worshipped Gozag.
Gozag was pleased with you.
You visited 11 branches of the dungeon, and saw 55 of its levels.
You visited 1 bazaar.
You also visited: Ice Cave and Wizlab.

You collected 33511 gold pieces.
You spent 11057 gold pieces at shops.
You paid 21867 gold pieces to Gozag.

Inventory:

Hand Weapons
 a - the +9 lance "Wyrmbane" {slay drac, rPois rF+ rC+ AC+3}
   (You took it off a deep elf demonologist on level 5 of the Vaults)

   It inflicts extra damage against dragons and draconians.
   AC:        It affects your AC (+3).
   rF:        It protects you from fire.
   rC:        It protects you from cold.
   rPois:     It protects you from poison.
 Y - the +9 staff of Wucad Mu {*channel}
   (You found it in a wizard's laboratory)

   It occasionally powers its wielder's spells, but with a chance of causing
   confusion or draining the wielder's intelligence.
   It becomes more likely to activate and less likely to backfire with increased
   Evocations skill.
Missiles
 v - 6 silver javelins
 y - 6 curare-tipped darts
 A - 4 throwing nets
Armour
 w - the +2 cloak of Sophism (worn) {Rampage rC- Str+4 Int+4}
   (You found it on level 2 of the Vaults)

   Str:       It affects your strength (+4).
   Int:       It affects your intelligence (+4).
   rC:        It makes you vulnerable to cold.
   Rampage:   It bestows one free step when moving towards enemies.
 N - the +0 pair of boots of the Dungeon (worn) {Str+4 Dex+5}
   (You bought it in a shop on level 5 of the Vaults)

   Str:       It affects your strength (+4).
   Dex:       It affects your dexterity (+5).
 P - a +2 helmet of see invisible (worn)
 T - +6 ice dragon scales (worn)
 V - +8 gold dragon scales
Jewellery
 b - the ring "Binizxu" (right claw) {Fire Contam rCorr Str+10 Int+5}
   (You bought it in a shop on level 1 of the Realm of Zot)

   [ring of fire]

   It enhances your fire magic.
   Str:       It affects your strength (+10).
   Int:       It affects your intelligence (+5).
   rF:        It protects you from fire.
   rC:        It makes you vulnerable to cold.
   Contam:    It causes magical contamination when unequipped.
   rCorr:     It protects you from acid and corrosion.
 e - an amulet of magic regeneration
 C - the amulet "Xenezoel" (around neck) {Reflect Fragile Will+++ Regen+ rCorr SH+5, !r}
   (You found it on level 3 of the Depths)

   [amulet of reflection]

   It reflects blocked missile attacks.
   Regen:     It increases your rate of health regeneration.
   rCorr:     It protects you from acid and corrosion.
   Fragile:   It will be destroyed if unequipped.
   SH:        It affects your SH (+5).
   Will:      It greatly increases your willpower.
 H - the ring "Tetzuh" {rF++ MP+9 Dex+4 Slay-2 SInv}
   (You found it on level 5 of the Vaults)

   [ring of see invisible]

   Dex:       It affects your dexterity (+4).
   Slay:      It affects your accuracy & damage with ranged weapons and melee
   (-2).
   rF:        It greatly protects you from fire.
   MP:        It affects your magic capacity (+9).
   SInv:      It lets you see invisible.
 W - the ring "Etecka" {Fire Fly Int+5}
   (You found it on level 15 of the Dungeon)

   [ring of fire]

   It enhances your fire magic.
   Int:       It affects your intelligence (+5).
   rF:        It protects you from fire.
   rC:        It makes you vulnerable to cold.
   Fly:       It grants you flight.
 X - a ring of flight
 Z - the ring "Kod Semoav" (left claw) {rPois rF+ Will+ Int+6 Dex-4}
   (You found it on level 15 of the Dungeon)

   [ring of intelligence]

   Int:       It affects your intelligence (+6).
   Dex:       It affects your dexterity (-4).
   rF:        It protects you from fire.
   rPois:     It protects you from poison.
   Will:      It increases your willpower.
Wands
 g - a wand of digging (24) {@v1}
 n - a wand of mindburst (21)
 s - a wand of quicksilver (2)
 G - a wand of charming (43)
 K - a wand of roots (15)
Scrolls
 c - a scroll of fog
 d - 6 scrolls of magic mapping
 j - 10 scrolls of poison
 t - 17 scrolls of vulnerability
 D - 14 scrolls of amnesia
 E - 36 scrolls of teleportation {@r3}
 L - 9 scrolls of fear
 M - 6 scrolls of blinking {@r4}
 O - 9 scrolls of immolation
 S - 4 scrolls of silence
 U - 13 scrolls of butterflies
Potions
 f - a potion of magic
 h - 3 potions of heal wounds {!q}
 i - 3 potions of invisibility
 k - 13 potions of ambrosia
 m - 11 potions of attraction
 p - 5 potions of cancellation
 q - 30 potions of curing {@q1}
 x - 5 potions of berserk rage
 z - 3 potions of mutation
 F - 7 potions of lignification
 I - 2 potions of resistance {@q6}
 J - 13 potions of brilliance
 Q - 6 potions of flight
 R - 4 potions of haste {@q3}
Miscellaneous
 l - a box of beasts
 o - a phantom mirror
 B - a condenser vane


   Skills:
 - Level 24.0 Fighting
 - Level 2.9 Long Blades
 - Level 18.9 Armour
 - Level 12.1 Dodging
 - Level 13.7 Stealth
 + Level 23.8 Unarmed Combat
 - Level 16.0 Spellcasting
 - Level 17.6 Hexes
 - Level 11.3 Transmutations
 - Level 11.3 Earth Magic
 - Level 10.9 Evocations


You couldn't memorise any spells.
You knew the following spells:

 Your Spells              Type           Power      Damage    Failure   Level
a - Swiftness             Air            24%        N/A       9%          3
b - Blink                 Tloc           48%        N/A       4%          2
c - Passwall              Tmut/Erth      62%        N/A       1%          2
d - Manifold Assault      Tloc           24%        N/A       28%         4
e - Summon Mana Viper     Hex/Summ       86%        N/A       1%          5
f - Yara's Violent Unrav  Hex/Tmut       52%        3d20      1%          5
g - Enfeeble              Hex            57%        N/A       1%          7
h - Statue Form           Tmut/Erth      50%        N/A       4%          6
i - Cause Fear            Hex            57%        N/A       1%          4
j - Tukima's Dance        Hex            100%       N/A       0%          3
k - Anguish               Hex/Necr       43%        N/A       1%          4
l - Blade Hands           Tmut           37%        N/A       1%          5
m - Discord               Hex            57%        N/A       13%         8

Your spell library contained the following spells:

 Spells                   Type           Power      Damage    Failure   Level
 Slow                     Hex            100%       N/A       0%          1
 Confusing Touch          Hex            100%       N/A       0%          3
 Sandblast                Erth           100%       2d20      1%          1
 Sting                    Tmut/Pois      100%       1d8       1%          1
 Ensorcelled Hibernation  Hex/Ice        100%       N/A       1%          2
 Wereblood                Tmut           75%        N/A       1%          2
 Dazzling Flash           Conj/Hex       100%       N/A       1%          3
 Ignite Poison            Fire/Tmut/Pois 63%        N/A       1%          3
 Inner Flame              Hex/Fire       100%       N/A       1%          3
 Portal Projectile        Hex/Tloc       100%       N/A       1%          3
 Spider Form              Tmut/Pois      55%        N/A       1%          3
 Stone Arrow              Conj/Erth      100%       3d13      1%          3
 Summon Guardian Golem    Hex/Summ       86%        N/A       1%          3
 Fulminant Prism          Conj/Hex       43%        3d20      1%          4
 Leda's Liquefaction      Hex/Erth       52%        N/A       1%          4
 Petrify                  Tmut/Erth      75%        N/A       1%          4
 Lee's Rapid Deconstruct  Erth           37%        3d20*     1%          5
 Silence                  Hex/Air        43%        N/A       1%          5
 Apportation              Tloc           48%        N/A       2%          1
 Foxfire                  Conj/Fire      100%       2x1d9     2%          1
 Magic Dart               Conj           96%        1d7       2%          1
 Necrotise                Necr           96%        1d8       2%          1
 Shock                    Conj/Air       96%        1d9       2%          1
 Summon Small Mammal      Summ           96%        N/A       2%          1
 Animate Armour           Summ/Erth      100%       N/A       2%          4
 Ice Form                 Ice/Tmut       55%        N/A       2%          4
 Call Imp                 Summ           24%        N/A       4%          2
 Cigotuvi's Dreadful Rot  Necr/Pois/Air  48%        N/A       4%          2
 Sublimation of Blood     Necr           24%        N/A       4%          2
 Alistair's Intoxication  Tmut/Pois      36%        N/A       8%          5
 Irradiate                Conj/Tmut      27%        3d20      8%          5
 Call Canine Familiar     Summ           24%        N/A       9%          3
 Gell's Gravitas          Tloc           24%        N/A       9%          3
 Kindle Blastsparks       Fire/Tloc/Air  72%        2d16      9%          3
 Lesser Beckoning         Tloc           24%        N/A       9%          3
 Teleport Other           Tloc           24%        N/A       9%          3
 Vampiric Draining        Necr           24%        2d7       9%          3
 Dragon Form              Tmut           37%        N/A       22%         7
 Airstrike                Air            12%        2d(2-18)  28%         4
 Dispel Undead            Necr           24%        3d12      28%         4
 Flame Wave               Conj/Fire      36%        2d10      28%         4
 Iskenderun's Mystic Bla  Conj/Tloc      24%        2d7       28%         4
 Olgreb's Toxic Radiance  Pois           24%        N/A       28%         4
 Passage of Golubria      Tloc           24%        N/A       28%         4
 Sticky Flame             Conj/Fire      36%        2d6       28%         4
 Summon Ice Beast         Ice/Summ       24%        N/A       28%         4
 Summon Lightning Spire   Summ/Air       24%        N/A       28%         4
 Eringya's Noxious Bog    Tmut/Pois      27%        N/A       38%         6
 Iron Shot                Conj/Erth      27%        9d6       41%         6
 Agony                    Necr           24%        N/A       61%         5
 Arcjolt                  Conj/Air       12%        1d22      61%         5
 Freezing Cloud           Conj/Ice/Air   12%        6-21      61%         5
 Iskenderun's Battlesphe  Conj           24%        2d8       61%         5
 Lightning Bolt           Conj/Air       12%        1d25      61%         5
 Summon Forest            Summ/Tloc      12%        N/A       61%         5
 Storm Form               Tmut/Air       27%        N/A       93%         7
 Death Channel            Necr           12%        N/A       99%         6
 Dispersal                Tloc           12%        N/A       99%         6
 Haunt                    Necr/Summ      12%        N/A       100%        7
 Monstrous Menagerie      Summ           12%        N/A       100%        7
 Orb of Destruction       Conj           12%        9d7       100%        7
 Ozocubu's Refrigeration  Ice            12%        4d10      100%        7
 Spellforged Servitor     Conj/Summ      12%        N/A       100%        7
 Summon Hydra             Summ           12%        N/A       100%        7
 Borgnjor's Revivificati  Necr           12%        N/A       100%        8
 Disjunction              Tloc           12%        N/A       100%        8
 Ignition                 Fire           18%        3d7       100%        8
 Lehudib's Crystal Spear  Conj/Erth      27%        10d7      100%        8
 Maxwell's Capacitive Co  Air            12%        ∞         100%        8
 Necromutation            Tmut/Necr      27%        N/A       100%        8
 Death's Door             Necr           12%        N/A       100%        9
 Polar Vortex             Ice            12%        N/A       100%        9
 Simulacrum               Ice/Necr       Unusable   N/A       N/A         6

Dungeon Overview and Level Annotations

Branches:
Dungeon (15/15)            Temple (0/1) D:7            Lair (5/5) D:9
  Swamp (4/4) Lair:3       Spider (4/4) Lair:2        Slime (5/5) Lair:5
    Orc (2/2) D:12            Elf (3/3) Orc:2        Vaults (5/5) D:13
  Crypt (3/3) Vaults:3       Tomb (0/3) Crypt:3      Depths (4/4) D:15
    Zot (5/5) Depths:4      IceCv (visited)          WizLab (visited)

Altars:
Dithmenos
Fedhas
Gozag
Hepliaklqana
Kikubaaqudgha
Okawaru
Qazlal
Ru
Trog
Vehumet
Yredelemnul
Jiyva

Shops:
D:4 =!   D:11 :   D:15 **:   Orc:1 *   Orc:2 =(?!*[   Elf:3 [?   Swamp:1 ?
Vaults:2 (   Vaults:5 ?[   Zot:1 =   Zot:2 [   Depths:4 ?[

Portals:
Hell: Depths:1 Depths:2 Depths:3 Depths:4
Abyss: Depths:1 Depths:2 Depths:3 Depths:4
Pandemonium: Depths:1 Depths:2
Ziggurat: Depths:4
Trove: Elf:3 (give 12 potions of heal wounds)

Annotations:
D:8 1 exclusion
D:9 exclusion: orange crystal statue
D:11 exclusion: fire dragon
Lair:2 1 runed translucent door, SirDiesAlot's ghost, journeyman DEAE
Lair:4 exclusion: oklob plant
Crypt:2 2 transporters, exclusion: 2 orange crystal statues, Hyrrirob's ghost, veteran GrEE; Zievuyg's ghost, adept MiFi
Depths:3 2 transporters, Woytaw's ghost, adept HaHu
Zot:5 6 transporters


Innate Abilities, Weirdness & Mutations

You have claws for hands.
You are completely covered in thin metallic scales. (AC +4, rElec)
You frequently emit foul miasma when damaged in melee.
When hurt, damage is shared between your health and your magic reserves.
You regenerate magic rapidly.
When low on magic, you restore magic in place of health.
Your melee attacks may debilitate your foes.
Your hexes are more powerful.
You are surrounded by an aura of silence.
You have sharp toenails.
You possess an exceptional clarity of mind.
Armour fits poorly on your strangely shaped body.
You are vulnerable to cold. (rC-)
You expend magic power (3 MP) to strengthen your wands.
You passively dampen the noise of your surroundings.


Message History

There is a stone staircase leading down here.
There is a stone staircase leading up here.
You climb upwards.
There is a stone staircase leading down here.
A sixfirhy comes into view.
Health restored: 238 A cacodemon comes into view.
There is a stone staircase leading up here.
The cacodemon shouts!
The sixfirhy hits you. The sixfirhy shocks you. You resist.
You climb upwards.
There is a stone staircase leading down here.
You take 4 damage, and have 234/238 hp.
(D) Dungeon (T) Temple (L) Lair (S) Swamp (N) Spider Nest (M) Slime Pits (O) Orcish Mines (E) Elven Halls (V) Vaults (C) Crypt (W) Tomb (U) Depths (H) Hell (Z) Zot
Where to? (Enter - D:1, ? - help) You're already here!
HP restored.
There is an open door here.
There is an open door here.
There is an open door here.
An Orb Guardian comes into view.
Health restored: 238
There is an open door here.
There is an open door here.
There is a staircase leading out of the dungeon here.
You scratch the Orb Guardian.
The Orb Guardian is drained!
You claw the Orb Guardian!!
The Orb Guardian is heavily wounded.
The Orb Guardian barely misses you.
You miss the Orb Guardian. You claw the Orb Guardian!!
The Orb Guardian is almost dead.
The Orb Guardian hits you but does no damage.
You eviscerate the Orb Guardian!!!
You kill the Orb Guardian!
No target in view!
You can't go down here!
You have escaped!

#.....#...## #.....#.#.#.
#######.#.#. ### #'#...
##.## ##.##.. ##...##
##...##. ##.....## ##.....##
####.......## ##.......#
#.'....@....# #.........
#'##...$...#####.......#
##.###.....###.###.....##
##...###...###...###...###
##.....###.###X....###.###.
##.......##'##.......##'##..
#.........'.'.........'.)...
##.......##'##.......##'##..
##.....###.###.....###.###.


There were no monsters in sight!

Vanquished Creatures
  the Royal Jelly (Slime:5)
  3 dread liches
  A pandemonium lord (D:10)
  4 orbs of fire (Zot:5)
  4 ancient liches
  Parghit (Zot:3)
  Bai Suzhen (Swamp:4)
  8 Killer Klowns
  9 golden dragons
  3 bone dragons
  A profane servitor (Crypt:3)
  A Tzitzimitl (D:11)
  2 hellephants (Zot:1)
  3 electric golems
  Jorgrun (Elf:1)
  The ghost of Affoawku the Black Belt, an adept DsBe of Trog (Depths:2)
  Zenata (Elf:2)
  Mlioglotl (Swamp:1)
  8 liches
  13 tentacled monstrosities
  23 Orb Guardians
  The ghost of Ryaff the Imperceptible, an adept FeVM of Ru (Depths:2)
  5 titans (Vaults:5)
  5 quicksilver dragons
  20 acid blobs
  2 deep elf master archers (Elf:3)
  2 deep elf blademasters
  3 death cobs
  4 sphinxes
  8 ancient champions
  2 tengu reavers
  4 shadow dragons
  A thorn hunter (Swamp:3)
  Roxanne (Swamp:3)
  11 storm dragons
  Kirke (Swamp:1)
  2 azure jellies (shapeshifter)
  11 azure jellies
  6 rockslimes
  15 draconian monks
  3 iron dragons
  2 revenants
  A fenstrider witch (Swamp:3)
  6 draconian knights
  10 fire giants
  6 frost giants
  11 deep elf sorcerers
  Aizul (Swamp:1)
  5 emperor scorpions
  A frost giant (shapeshifter) (Zot:1)
  A draconian scorcher (Zot:3)
  4 deep elf elementalists (Elf:3)
  8 draconian shifters
  15 vault wardens
  4 ghost moths
  2 balrugs
  Louise (Swamp:3)
  The ghost of Wetizan the Protected, a journeyman MiBe of Trog (Depths:2)
  9 ghouls
  11 draconian annihilators
  4 draconian stormcallers
  12 quicksilver oozes
  4 orc warlords
  2 war gargoyles
  A demonspawn corrupter (Zot:3)
  21 ironbound preservers
  A spriggan defender (Depths:2)
  30 very ugly things
  2 juggernaut skeletons (Depths:3)
  A broodmother (Spider:4)
  2 caustic shrike skeletons
  15 stone giants
  10 deep elf demonologists
  7 vampire knights
  A demonspawn black sun (Zot:3)
  12 green draconians
  9 white draconians
  10 ironbound thunderhulks
  8 eleionomae
  15 black draconians
  9 dire elephants
  8 spark wasps
  9 deep elf annihilators
  Azrael (D:14)
  11 red draconians
  A minotaur (shapeshifter) (Vaults:5)
  10 purple draconians
  4 deep elf death magi
  8 yellow draconians
  14 ettins
  3 bunyips
  13 fire dragons
  8 eidola
  12 yaktaur captains
  A shambling mangrove (Swamp:4)
  2 merfolk javelineers
  7 deep elf high priests
  13 great orbs of eyes
  Josephine (D:14)
  14 jiangshi
  17 ice dragons
  7 rakshasas
  6 ogre magi
  Harold (D:9)
  29 vault guards
  A peacekeeper (Vaults:4)
  8 entropy weavers
  A merfolk avatar (Lair:5)
  A salamander tyrant (D:15)
  A hydra (shapeshifter) (Zot:1)
  A quicksilver dragon skeleton (Crypt:2)
  A spriggan air mage (Depths:3)
  3 radroaches
  14 alligators
  2 hell beasts
  A spriggan skeleton (Crypt:3)
  2 ghost crabs
  3 jorogumos
  Erica (D:10)
  24 hydras
  5 death knights
  10 centaur warriors
  5 ironbound frosthearts
  8 boulder beetles
  14 deep troll earth magi
  24 two-headed ogres
  5 tengu warriors
  25 dancing weapons
  6 deep troll shamans
  13 death yaks
  4 vampire magi
  6 spriggan berserkers
  A titan zombie (Depths:2)
  2 hell knights
  2 orc high priests
  3 soul eaters
  A storm dragon zombie (Crypt:1)
  18 deep elf knights
  A sixfirhy (D:9)
  3 shadow wraiths
  2 titan skeletons
  Amaemon (Lair:2)
  9 iron trolls
  49 skeletal warriors
  A spark wasp zombie (Crypt:2)
  A sun moth (Spider:4)
  9 orb spiders
  4 pharaoh ants
  2 bunyip zombies
  A storm dragon skeleton (Depths:3)
  6 spriggan druids
  74 deep trolls
  A glowing orange brain (Depths:1)
  A sea snake (shapeshifter) (D:13)
  3 goliath frogs
  23 ironbound convokers
  A quicksilver dragon simulacrum (Depths:2)
  14 deep elf archers
  10 flayed ghosts
  12 orc knights
  8 steelbarb worms
  13 bog bodies
  A sea snake (Lair:5)
  9 swamp dragons
  12 wizards
  A golden dragon skeleton (Depths:3)
  8 harpies
  A golden dragon zombie (Crypt:2)
  7 lindwurms
  14 necromancers
  34 deep elf zephyrmancers
  26 phantasmal warriors
  3 orange crystal statues
  A steelbarb worm (shapeshifter) (Depths:1)
  21 wolf spiders
  An iron giant skeleton (Crypt:2)
  2 manticores
  18 deep elf pyromancers
  A wolf spider (shapeshifter) (Zot:1)
  4 shining eyes
  A sphinx skeleton (Depths:3)
  57 ugly things
  4 salamanders
  A wolf spider zombie (D:15)
  4 will-o-the-wisps
  A shadow dragon skeleton (Depths:3)
  9 cyclopes
  A salamander (shapeshifter) (Elf:1)
  5 elephants (Lair:5)
  17 moths of wrath
  2 iron dragon skeletons
  5 centaur zombies
  An elephant (shapeshifter) (Vaults:5)
  2 titan simulacra
  A guardian serpent (shapeshifter) (D:15)
  An apocalypse crab (Zot:1)
  3 rust devils
  7 torpor snails
  An eye of devastation (Slime:5)
  A black mamba (shapeshifter) (D:15)
  24 vault sentinels
  2 orange demons
  4 smoke demons
  5 black mambas
  2 human skeletons (Vaults:3)
  An ice statue (IceCv)
  3 large abominations
  2 gargoyles (D:11)
  13 cane toads
  A dire elephant skeleton (Crypt:2)
  7 unseen horrors
  2 orb spider zombies (Crypt:2)
  2 centaur skeletons
  2 kobold demonologists
  A komodo dragon (shapeshifter) (Zot:1)
  9 demonic crawlers
  31 yaktaurs
  A hellion (D:10)
  An alligator snapping turtle skeleton (Crypt:2)
  6 rime drakes
  3 tengu conjurers
  2 efreet
  6 komodo dragons
  8 freezing wraiths
  2 ice devils
  A red devil (Depths:1)
  2 hellwings (Depths:1)
  A purple draconian skeleton (Crypt:2)
  2 harpy zombies
  4 meliai
  2 red draconian skeletons (Crypt:1)
  5 trolls
  A tyrant leech (shapeshifter) (Elf:1)
  A meliai (shapeshifter) (D:13)
  8 polar bears
  A bloated husk (Swamp:1)
  A queen bee (D:9)
  86 slime creatures
  6 tyrant leeches
  A harpy skeleton (Crypt:2)
  2 polar bears (shapeshifter)
  13 hornets
  20 tarantellas
  11 blink frogs
  An ice dragon zombie (Crypt:2)
  2 snapping turtles (Lair:5)
  58 flying skulls
  2 centaur simulacra (D:15)
  31 jumping spiders
  4 ettin skeletons
  A ynoxinul (D:10)
  28 culicivoras
  5 spriggans
  2 shadows
  2 air elementals (Elf:3)
  8 wyverns
  59 yaks
  A fire bat (shapeshifter) (Vaults:5)
  10 water elementals
  3 vampires
  16 wraiths
  2 fire elementals (D:14)
  2 yaks (shapeshifter)
  A human (shapeshifter) (D:15)
  4 steam dragons
  Grum (D:8)
  A golden eye (Slime:5)
  4 hogs (Swamp:1)
  2 basilisks (shapeshifter)
  8 vampire mosquitoes
  3 basilisks
  An elf simulacrum (Vaults:3)
  17 swamp worms
  A redback (shapeshifter) (Vaults:5)
  62 redbacks
  A chaos spawn (Depths:1)
  2 neqoxecs (Depths:1)
  5 wargs
  An acid dragon (D:14)
  13 water moccasins
  A water nymph zombie (Crypt:1)
  Edmund (D:4)
  6 hell hounds (D:14)
  A deep troll skeleton (Crypt:2)
  2 floating eyes (D:15)
  2 floating eyes (shapeshifter)
  21 orc warriors
  8 swamp drakes
  2 ice beasts
  A dream sheep zombie (Crypt:1)
  2 black bears
  A sky beast (D:7)
  A hornet zombie (D:15)
  28 ogres
  A blink frog zombie (Crypt:2)
  8 boggarts (Vaults:2)
  A torpor snail zombie (Crypt:2)
  39 wolves
  17 centaurs
  5 phantoms
  4 kobold brigands
  7 bullfrogs
  7 necrophages
  Blork the orc (D:4)
  A scorpion (shapeshifter) (Elf:2)
  A glowing shapeshifter simulacrum (Depths:2)
  3 gnoll sergeants
  6 scorpions
  A human simulacrum (Vaults:2)
  A naga simulacrum (Crypt:3)
  14 wights
  A hornet simulacrum (D:15)
  17 killer bees (D:9)
  6 howler monkeys
  2 small abominations (Crypt:3)
  3 electric eels
  11 orc priests
  2 gnoll boudas
  3 hounds
  3 jellies
  Ijyb (D:4)
  A bullfrog skeleton (Crypt:1)
  Jessica (D:2)
  20 orc wizards
  Terence (D:2)
  3 iguanas
  18 gnolls
  6 adders
  2 shadow imps (D:7)
  An ufetubus (D:7)
  2 worms
  5 dart slugs
  64 orcs
  4 endoplasms
  6 giant cockroaches
  11 goblins
  7 hobgoblins
  6 jackals
  3 quokkas
  7 ball pythons
  5 bats (D:1)
  9 frilled lizards
  A frilled lizard skeleton (Crypt:1)
  18 kobolds
  A kobold skeleton (Crypt:1)
  8 rats
2550 creatures vanquished.

Vanquished Creatures (collateral kills)
  the Lernaean hydra (Swamp:4)
  Saint Roka (Vaults:1)
  A rockslime (Slime:5)
  A deep elf demonologist (Vaults:5)
  An entropy weaver (Vaults:1)
  2 vault guards (Vaults:5)
  An ironbound convoker (Vaults:1)
  2 orc warriors (Vaults:1)
  An orc (Vaults:1)
11 creatures vanquished.

Vanquished Creatures (others)
  A very ugly thing (Depths:3)
  A spriggan druid (Swamp:1)
  2 deep trolls
  A deep elf pyromancer (Elf:3)
  A deep elf zephyrmancer (Elf:1)
  A troll (Vaults:1)
  3 bloated husks
  A culicivora (Spider:4)
  A swamp worm (Swamp:1)
  2 orc warriors
  An orc wizard (Orc:1)
  A kobold (D:1)
  7 briar patches (Swamp:4)
  8 bushes (Depths:1)
  16 foxfires
  56 fungi
  66 plants
169 creatures vanquished.

Grand Total: 2730 creatures vanquished

Notes
Turn   | Place    | Note
-------+----------+-------------------------------------------
     0 | D:5      | Ofeo the Demonspawn Delver began the quest for the Orb.
     0 | D:5      | Reached XP level 1. HP: 18/18 MP: 1/1
     4 | D:5      | Noticed Ijyb
    36 | D:4      | Noticed a jelly
    76 | D:4      | Noticed Edmund
   205 | D:2      | Noticed an orc wizard
   232 | D:2      | Gained mutation: You regenerate magic rapidly. [demonic
                  | ancestry]
   232 | D:2      | Reached XP level 2. HP: 24/24 MP: 2/2
  1157 | D:1      | Reached XP level 3. HP: 27/29 MP: 3/3
  1294 | D:1      | Found a faded altar of an unknown god.
  2699 | D:2      | Reached XP level 4. HP: 35/35 MP: 4/4
  2729 | D:2      | Reached skill level 5 in Stealth
  3361 | D:2      | Noticed Terence
  3385 | D:2      | Killed Terence
  3746 | D:2      | Noticed Jessica
  3751 | D:2      | Killed Jessica
  3752 | D:2      | Gained mutation: You have sharp fingernails. [demonic
                  | ancestry]
  3752 | D:2      | Reached XP level 5. HP: 42/42 MP: 5/5
  4499 | D:3      | Reached skill level 4 in Fighting
  5786 | D:4      | Found Vanuc's Jewellery Emporium.
  5793 | D:4      | Found an opulent altar of Gozag.
  5818 | D:4      | Noticed a water moccasin
  5827 | D:4      | Killed a water moccasin
  5828 | D:4      | Reached skill level 1 in Unarmed Combat
  5828 | D:4      | Reached XP level 6. HP: 15/49 MP: 3/6
  5962 | D:4      | Killed Edmund
  6185 | D:4      | Found Goewn's Distillery.
  6190 | D:4      | Bought a potion of curing for 42 gold pieces
  6190 | D:4      | Bought a potion of might for 56 gold pieces
  6190 | D:4      | Bought a potion of invisibility for 112 gold pieces
  6420 | D:4      | Noticed Blork the orc
  6424 | D:4      | Killed Blork the orc
  6425 | D:4      | Gained mutation: You may rarely emit foul miasma when
                  | damaged in melee. [demonic ancestry]
  6425 | D:4      | Reached XP level 7. HP: 55/55 MP: 7/7
  6656 | D:4      | Killed Ijyb
  6657 | D:4      | Reached skill level 5 in Fighting
  6950 | D:5      | Reached XP level 8. HP: 27/63 MP: 6/8
  7800 | D:6      | Noticed a two-headed ogre
  8311 | D:4      | Became a worshipper of Gozag Ym Sagoz the Greedy
  8411 | D:6      | Reached skill level 5 in Dodging
  8420 | D:6      | Reached skill level 6 in Fighting
  8841 | D:6      | Killed a two-headed ogre
  8842 | D:6      | Reached XP level 9. HP: 57/71 MP: 7/9
  9543 | D:7      | Found a staircase to the Ecumenical Temple.
  9551 | D:7      | Reached skill level 7 in Fighting
  9608 | D:7      | Reached skill level 5 in Unarmed Combat
  9695 | D:7      | Found a sacrificial altar of Ru.
 11459 | D:8      | Noticed Grum
 13244 | D:8      | Paralysed by a hornet for 2 turns
 13249 | D:8      | HP: 1/65 [hornet (6)]
 13250 | D:8      | Gained mutation: When hurt, damage is shared between your
                  | health and your magic reserves. [demonic ancestry]
 13250 | D:8      | Reached XP level 10. HP: 2/76 MP: 0/10
 13684 | D:4      | Bought a ring of magical power for 220 gold pieces
 13882 | D:8      | Noticed a two-headed ogre
 13967 | D:8      | Reached skill level 8 in Fighting
 14701 | D:8      | Noticed a two-headed ogre
 14703 | D:8      | Killed Grum
 15005 | D:8      | Got Gueniqywie's Papyrus of the Floating Figure
 15558 | D:8      | Killed a two-headed ogre
 15774 | D:8      | Killed a two-headed ogre
 16077 | D:4      | Bought a +6 ring of strength for 396 gold pieces
 16360 | D:9      | Noticed a two-headed ogre
 16659 | D:9      | Killed a two-headed ogre
 16660 | D:9      | Reached skill level 9 in Fighting
 16940 | D:9      | Reached XP level 11. HP: 67/89 MP: 11/11
 17155 | D:9      | Reached skill level 10 in Stealth
 18376 | D:9      | Found a staircase to the Lair.
 18479 | D:9      | Found an iron altar of Okawaru.
 18490 | D:9      | Noticed Harold
 18544 | D:9      | Killed Harold
 19071 | D:9      | Noticed a two-headed ogre
 19098 | D:9      | Killed a two-headed ogre
 19640 | D:9      | Reached skill level 10 in Fighting
 19888 | D:9      | Noticed an orange crystal statue
 20901 | D:10     | Entered Level 10 of the Dungeon
 20938 | D:10     | Noticed Erica
 20949 | D:10     | Killed Erica
 21031 | D:10     | Found a blossoming altar of Fedhas.
 21613 | D:10     | Found a bloodstained altar of Trog.
 21687 | D:10     | Identified the +0 pair of gloves of the Louse {Regen+
                  | rCorr}
 23564 | D:11     | Found Tedisass's Book Boutique.
 23910 | D:11     | Noticed a fire dragon
 24025 | D:11     | Gained mutation: You are partially covered in thin metallic
                  | scales. (AC +2) [demonic ancestry]
 24025 | D:11     | Reached XP level 12. HP: 82/98 MP: 12/12
 24891 | Lair:1   | Entered Level 1 of the Lair of Beasts
 25920 | Lair:1   | Identified the +5 chain mail "Taettun" {Rampage rCorr}
 26199 | Lair:1   | Reached skill level 11 in Fighting
 26692 | Lair:2   | Found a hole to the Spider Nest.
 26984 | Lair:2   | Reached skill level 10 in Dodging
 27740 | Lair:2   | Noticed Amaemon
 27771 | Lair:2   | Killed Amaemon
 28475 | Lair:2   | Found a runed translucent door.
 28595 | Lair:2   | Noticed SirDiesAlot's ghost (journeyman DEAE)
 28599 | Lair:2   | Identified the +5 trident "Grim" {freeze, rPois Will+ rCorr
                  | Dex-2}
 29026 | Lair:3   | Found a staircase to the Swamp.
 29237 | Lair:3   | Found a frozen archway.
 29258 | IceCv    | Entered an ice cave
 29943 | IceCv    | Gained mutation: You have very sharp fingernails. [demonic
                  | ancestry]
 29943 | IceCv    | Reached XP level 13. HP: 99/107 MP: 13/13
 29951 | IceCv    | Reached skill level 10 in Unarmed Combat
 30944 | IceCv    | Reached skill level 12 in Fighting
 31342 | IceCv    | Noticed a frost giant
 31379 | IceCv    | Killed a frost giant
 31633 | IceCv    | Got the Tome of Reformation and Thermatology
 32470 | Lair:4   | Found an iron altar of Okawaru.
 33705 | Lair:5   | Entered Level 5 of the Lair of Beasts
 35328 | Lair:5   | Noticed a dire elephant
 35494 | Lair:5   | Found a viscous altar of Jiyva.
 35551 | Lair:5   | Killed a dire elephant
 35552 | Lair:5   | Gained mutation: You are mostly covered in thin metallic
                  | scales. (AC +3) [demonic ancestry]
 35552 | Lair:5   | Reached XP level 14. HP: 52/116 MP: 12/14
 35990 | Lair:5   | Found a staircase to the Slime Pits.
 36030 | Lair:5   | Got An Initiation to Witchery
 36109 | Lair:5   | Reached skill level 13 in Fighting
 36742 | Lair:5   | Identified the +4 demon whip "Acoih" {freeze, Fly Str-2
                  | Stlth+}
 36746 | Lair:5   | Identified the +8 trident "Hanen" {flame, rC+ MP+9 Dex+3
                  | Stlth+}
 36917 | Lair:5   | Upgraded the game from 0.30-a0-135-g630cfc4551 to
                  | 0.30-a0-137-gd8773701ce
 38996 | D:12     | Found a staircase to the Orcish Mines.
 39019 | D:12     | Reached skill level 1 in Armour
 39264 | D:12     | Reached skill level 1 in Evocations
 40555 | Orc:1    | Entered Level 1 of the Orcish Mines
 41008 | Orc:1    | Found Sarres's General Store.
 41011 | Orc:1    | Bought a potion of resistance for 140 gold pieces
 41011 | Orc:1    | Bought a potion of heal wounds for 70 gold pieces
 41011 | Orc:1    | Bought a throwing net for 42 gold pieces
 41089 | Orc:1    | You fall into a shaft and drop 1 floor!
 41089 | Orc:2    | Entered Level 2 of the Orcish Mines
 41118 | Orc:2    | Found Atuit's Gadget Gallery.
 42391 | Orc:2    | Paralysed by something for 4 turns
 42909 | Orc:2    | Found a staircase to the Elven Halls.
 42916 | Orc:2    | Gained mutation: When low on magic, you restore magic in
                  | place of health. [demonic ancestry]
 42916 | Orc:2    | Reached XP level 15. HP: 113/125 MP: 15/15
 42995 | Orc:2    | Reached skill level 5 in Armour
 43368 | Orc:2    | Reached skill level 14 in Fighting
 43368 | Orc:2    | Found Istryr's Magic Scroll Shoppe.
 43368 | Orc:2    | Found Ugguismu's Jewellery Shop.
 43368 | Orc:2    | Found Lifuidd's Distillery.
 43368 | Orc:2    | Found Foomo's Weapon Shoppe.
 43546 | Orc:2    | Bought a scroll of butterflies for 60 gold pieces
 43546 | Orc:2    | Bought a scroll of teleportation for 45 gold pieces
 43546 | Orc:2    | Bought a scroll of butterflies for 60 gold pieces
 43546 | Orc:2    | Bought a scroll of blinking for 112 gold pieces
 43547 | Orc:2    | Bought a potion of haste for 120 gold pieces
 43547 | Orc:2    | Bought a potion of resistance for 120 gold pieces
 43547 | Orc:2    | Bought a potion of brilliance for 48 gold pieces
 43548 | Orc:2    | Bought a throwing net for 42 gold pieces
 43660 | Orc:2    | Bought a wand of roots (2) for 57 gold pieces
 44075 | Orc:2    | Bought a glowing helmet for 262 gold pieces
 44075 | Orc:2    | Bought a pair of embroidered gloves for 262 gold pieces
 44099 | Orc:2    | Bought a buzzing plate armour for 980 gold pieces
 44099 | Orc:2    | Identified the +7 plate armour "Qemis" {Str+9 Int-5} (You
                  | bought it in a shop on level 2 of the Orcish Mines)
 44830 | D:13     | Found a gate to the Vaults.
 45665 | D:13     | Reached skill level 5 in Evocations
 46168 | D:14     | Identified a scroll of acquirement
 46169 | D:14     | Acquired the amulet "Ejiekif" {RegenMP +Blink Str+6}
 46298 | D:14     | Identified the amulet of the Lion {rElec Regen+}
 46999 | D:14     | Noticed Azrael
 47014 | D:14     | Killed Azrael
 48077 | D:14     | Noticed Josephine
 48085 | D:14     | Killed Josephine
 48290 | D:15     | Entered Level 15 of the Dungeon
 49066 | D:15     | Identified the ring "Etecka" {Fire Fly Int+5}
 49219 | D:15     | Found Kodytun's Assorted Antiques.
 49232 | D:15     | Bought a potion of might for 160 gold pieces
 49376 | D:15     | Reached XP level 16. HP: 89/134 MP: 16/16
 49831 | D:15     | Identified the ring "Kod Semoav" {rPois rF+ Will+ Int+6
                  | Dex-4}
 49849 | D:15     | Found Ramaxt's Assorted Antiques.
 49868 | D:15     | Bought a potion of mutation for 208 gold pieces
 49981 | D:15     | Identified the +6 sling of Trauma {flame, rElec rF+}
 50054 | D:15     | Paralysed by a floating eye for 2 turns
 50272 | D:15     | Identified the ring of Melee {rElec rPois MP+9}
 50362 | D:15     | Found Eddeur Raorr's Book Shop.
 50632 | D:15     | Found a transporter.
 50669 | D:15     | Reached skill level 15 in Fighting
 51401 | D:15     | Found a transporter.
 51414 | D:15     | Identified the +1 robe of Entitlement {Regen+ Int+3 Stlth+}
 51798 | D:15     | Found a staircase to the Depths.
 52001 | D:15     | Identified the +3 spear of Busadd {vorpal, Dex+4}
 52462 | Swamp:1  | Entered Level 1 of the Swamp
 53054 | Swamp:1  | Noticed Aizul
 53069 | Swamp:1  | Killed Aizul
 53084 | Swamp:1  | Reached skill level 10 in Armour
 54172 | Swamp:1  | Bought a scroll of magic mapping for 82 gold pieces
 54421 | Swamp:1  | Noticed Kirke
 54423 | Swamp:1  | Noticed Mlioglotl
 54441 | Swamp:1  | Killed Mlioglotl
 54449 | Swamp:1  | Killed Kirke
 55624 | Swamp:2  | Reached XP level 17. HP: 117/143 MP: 15/17
 56477 | Swamp:3  | Noticed Roxanne
 56644 | Swamp:3  | Killed Roxanne
 57115 | Swamp:3  | Noticed Louise
 57126 | Swamp:3  | Killed Louise
 58282 | Swamp:4  | Entered Level 4 of the Swamp
 58596 | Swamp:3  | Reached skill level 16 in Fighting
 58631 | Swamp:4  | Noticed Bai Suzhen
 58653 | Swamp:4  | Killed Bai Suzhen
 60033 | Swamp:3  | HP: 5/144 [poisoned by a fenstrider witch (toxic sludge)]
 61403 | Swamp:3  | Reached skill level 10 in Evocations
 62339 | Swamp:4  | Identified the +1 robe of Fanaticism {Str-2 Int+3}
 62394 | Swamp:4  | Noticed the 27-headed Lernaean hydra
 62400 | Swamp:4  | Killed the 27-headed Lernaean hydra
 62409 | Swamp:4  | Got a decaying rune of Zot
 62816 | Spider:1 | Entered Level 1 of the Spider Nest
 63764 | Spider:1 | Identified the +6 dagger of Opnuwk {venom, rF+ Will+ Int+4
                  | Stlth-}
 64897 | Spider:1 | Reached skill level 15 in Unarmed Combat
 64903 | Spider:1 | Reached XP level 18. HP: 116/153 MP: 2/18
 66889 | Spider:2 | Identified the +2 quarterstaff of Destiny {speed, Str+4}
 67295 | Spider:3 | Reached skill level 17 in Fighting
 69902 | Spider:4 | Entered Level 4 of the Spider Nest
 70181 | Orc:2    | Bought an encrusted plate armour for 980 gold pieces
 70181 | Orc:2    | Identified the +10 plate armour of Laturgh {rC+ Str+2} (You
                  | bought it in a shop on level 2 of the Orcish Mines)
 70182 | Orc:2    | Bought a fading plate armour for 980 gold pieces
 70182 | Orc:2    | Identified the +4 plate armour of Skepticism {rF+ Int+2}
                  | (You bought it in a shop on level 2 of the Orcish Mines)
 71305 | Spider:4 | Reached skill level 1 in Spellcasting
 74414 | Spider:4 | Got a gossamer rune of Zot
 75038 | Vaults:1 | Entered Level 1 of the Vaults
 75238 | Vaults:1 | Found a flickering gateway to a bazaar.
 75325 | Vaults:1 | Noticed Saint Roka
 75346 | Bazaar   | Entered a bazaar
 75348 | Bazaar   | Found Top Pix's Armour Shoppe.
 75356 | Bazaar   | Found Faupp's Antique Weapon Boutique.
 75377 | Bazaar   | Found Kinif's Magic Scroll Boutique.
 75384 | Bazaar   | Found Adeasiot's Jewellery Emporium.
 75390 | Bazaar   | Bought the amulet "Fuill" {Reflect Slay+3 SH+5} for 843
                  | gold pieces
 75418 | Bazaar   | Bought a +2 pair of boots of flying for 215 gold pieces
 75449 | Bazaar   | Bought a scroll of blinking for 67 gold pieces
 75449 | Bazaar   | Bought a scroll of blinking for 67 gold pieces
 75449 | Bazaar   | Bought a scroll of enchant armour for 67 gold pieces
 75449 | Bazaar   | Bought a scroll of poison for 36 gold pieces
 75508 | Vaults:1 | Killed Saint Roka
 75509 | Vaults:1 | Reached XP level 19. HP: 124/163 MP: 21/25
 75871 | Vaults:1 | Identified the +9 falchion "Kitasoro" {freeze, rC+ Int+4}
 76331 | Vaults:1 | Identified the +3 short sword "Bulla" {venom, *Corrode
                  | rPois Int+9 Stlth+}
 76383 | Vaults:1 | Reached skill level 18 in Fighting
 76605 | Vaults:1 | Reached skill level 5 in Spellcasting
 78721 | Vaults:2 | Found Becous's Weapon Shoppe.
 79401 | Vaults:2 | Gained mutation: You sometimes emit foul miasma when
                  | damaged in melee. [demonic ancestry]
 79401 | Vaults:2 | Reached XP level 20. HP: 74/172 MP: 21/30
 80445 | Vaults:2 | Found a transporter.
 80446 | Vaults:2 | Found a radiant altar of Vehumet.
 80921 | Vaults:2 | Identified the +2 cloak of Sophism {Rampage rC- Str+4
                  | Int+4}
 81229 | Vaults:2 | Found a transporter.
 81743 | Vaults:3 | Reached skill level 19 in Fighting
 82053 | Vaults:3 | Identified the +4 robe of Paranoia {Fly Dex+3}
 82445 | Vaults:3 | Reached skill level 15 in Armour
 83532 | Vaults:3 | Found a staircase to the Crypt.
 87742 | Depths:1 | Entered Level 1 of the Depths
 87807 | Depths:1 | Gained mutation: You have claws for hands. [demonic
                  | ancestry]
 87807 | Depths:1 | Reached XP level 21. HP: 157/182 MP: 34/34
 88196 | Depths:1 | Found a gateway to Hell.
 88200 | Depths:1 | Found a one-way gate to the infinite horrors of the Abyss.
 88792 | Depths:1 | Found a one-way gate leading to the halls of Pandemonium.
 89591 | Depths:2 | Reached skill level 10 in Spellcasting
 89660 | Depths:2 | Learned a level 3 spell: Swiftness
 89663 | Depths:2 | Learned a level 2 spell: Blink
 89760 | Depths:2 | Reached skill level 20 in Fighting
 90187 | Depths:2 | Learned a level 2 spell: Passwall
 90192 | Depths:2 | Learned a level 4 spell: Manifold Assault
 91991 | Depths:2 | Found a shadowy altar of Dithmenos.
 92188 | Depths:2 | Identified the +0 pair of boots "Terchurak" {Int+4}
 92893 | Depths:2 | Found a runed translucent gate.
 92893 | Depths:2 | Found a runed translucent gate.
 92893 | Depths:2 | Found a runed translucent gate.
 92894 | Depths:2 | Found an ancient bone altar of Kikubaaqudgha.
 92894 | Depths:2 | Noticed Wetizan's ghost (journeyman MiBe)
 92895 | Depths:2 | Noticed an ancient lich
 92895 | Depths:2 | Noticed Affoawku's ghost (adept DsBe)
 92895 | Depths:2 | Noticed Ryaff's ghost (adept FeVM)
 92895 | Depths:2 | Noticed a dread lich
 93069 | Depths:2 | Killed an ancient lich
 93071 | Depths:2 | Killed a dread lich
 93081 | Depths:2 | Killed Wetizan's ghost
 93102 | Depths:2 | Killed Ryaff's ghost
 93122 | Depths:2 | Killed Affoawku's ghost
 93143 | Depths:2 | Identified the ring of Pride {Fly rPois Will+ Int+3}
 93150 | Depths:2 | Identified the +0 hat of Indomitability {Stlth+}
 94529 | Depths:3 | Got the Discourse on Reformed Terrain
 94925 | Depths:3 | Gained mutation: You frequently emit foul miasma when
                  | damaged in melee. [demonic ancestry]
 94925 | Depths:3 | Reached XP level 22. HP: 188/192 MP: 37/37
 94972 | Depths:3 | Noticed a golden dragon
 94987 | Depths:3 | Killed a golden dragon
 95293 | Depths:3 | Found a transporter.
 95344 | Depths:3 | Noticed Woytaw's ghost (adept HaHu)
 95344 | Depths:3 | Noticed a juggernaut
 95346 | Depths:3 | Noticed a juggernaut
 95347 | Depths:3 | Identified the +10 long sword of Asuahauqor {protect, *Slow
                  | rF+++ Int+4}
 95348 | Depths:3 | Found a bloodstained altar of Trog.
 95508 | Depths:3 | Found a transporter.
 96253 | Depths:4 | Entered Level 4 of the Depths
 97044 | Depths:4 | Identified the +6 dagger "Cadoss Ixea" {elec, Str+5 SInv}
 97197 | Depths:4 | Found a one-way gateway to a ziggurat.
 97362 | Depths:4 | Reached skill level 21 in Fighting
 97374 | Depths:4 | Found a gate to the Realm of Zot.
 97533 | Depths:4 | Noticed a golden dragon
 97567 | Depths:4 | Killed a golden dragon
 97694 | Depths:4 | Noticed a golden dragon
 97704 | Depths:4 | Killed a golden dragon
 98143 | Depths:4 | Found a hazy altar of Hepliaklqana.
 98560 | Depths:3 | Noticed an ancient lich
 98927 | Depths:4 | Killed an ancient lich
 99113 | Depths:3 | Identified the amulet "Xenezoel" {Reflect Fragile Will+++
                  | Regen+ rCorr SH+5}
 99171 | Depths:3 | Identified the +5 ring mail "Suad" {+Blink rN+ Int+4}
 99212 | Depths:4 | Bought a scroll of butterflies for 76 gold pieces
 99212 | Depths:4 | Bought a scroll of teleportation for 57 gold pieces
 99212 | Depths:4 | Bought a scroll of teleportation for 57 gold pieces
 99212 | Depths:4 | Bought a scroll of teleportation for 57 gold pieces
 99212 | Depths:4 | Bought a scroll of blinking for 142 gold pieces
 99215 | Depths:4 | Bought a pitted plate armour for 924 gold pieces
 99215 | Depths:4 | Identified the +10 plate armour of the Albatross {rCorr}
                  | (You bought it in a shop on level 4 of the Depths)
 99496 | Slime:1  | Entered Level 1 of the Pits of Slime
 99503 | Slime:1  | Learned a level 5 spell: Summon Mana Viper
 99511 | Lair:5   | Learned a level 5 spell: Yara's Violent Unravelling
 99519 | Lair:5   | Learned a level 7 spell: Enfeeble
 99526 | Lair:5   | Learned a level 6 spell: Statue Form
 99552 | Slime:1  | Gained mutation: Armour fits poorly on your strangely
                  | shaped body. [a shining eye]
 99562 | Slime:1  | Reached skill level 1 in Transmutations
 99616 | Slime:2  | Reached skill level 1 in Earth Magic
100061 | Slime:4  | Gained mutation: Your magical capacity is low. (-10% MP) [a
                  | shining eye]
100096 | Slime:5  | Entered Level 5 of the Pits of Slime
100145 | Slime:5  | Gained mutation: Your body sometimes deteriorates upon
                  | taking damage. [a shining eye]
100261 | Slime:5  | Gained mutation: Your magical capacity is very low. (-20%
                  | MP) [a shining eye]
100262 | Slime:5  | Gained mutation: You do not regenerate when monsters are
                  | visible. [a shining eye]
100303 | Slime:5  | Noticed the Royal Jelly
100323 | Slime:4  | Gained mutation: Your hexes are more powerful. [demonic
                  | ancestry]
100323 | Slime:4  | Reached XP level 23. HP: 132/200 MP: 22/31
100557 | Slime:3  | Lost mutation: Armour fits poorly on your strangely shaped
                  | body. [potion of mutation]
100557 | Slime:3  | Lost mutation: You do not regenerate when monsters are
                  | visible. [potion of mutation]
100557 | Slime:3  | Gained mutation: Your mind is acute. (Int +4, Str/Dex -1)
                  | [potion of mutation]
100557 | Slime:3  | Gained mutation: You passively dampen the noise of your
                  | surroundings. [potion of mutation]
100977 | Slime:5  | Found a viscous altar of Jiyva.
101047 | Slime:5  | Gained mutation: You sometimes lose your temper in combat.
                  | [a shining eye]
101115 | Slime:5  | Lost mutation: Your mind is acute. (Int +4, Str/Dex -1)
                  | [potion of mutation]
101115 | Slime:5  | Lost mutation: Your body sometimes deteriorates upon taking
                  | damage. [potion of mutation]
101115 | Slime:5  | Lost mutation: Your magical capacity is very low. (-20% MP)
                  | [potion of mutation]
101115 | Slime:5  | Gained mutation: Your body sometimes deteriorates upon
                  | taking damage. [potion of mutation]
101115 | Slime:5  | Gained mutation: You expend magic power (3 MP) to
                  | strengthen your wands. [potion of mutation]
101116 | Slime:5  | Lost mutation: Your magical capacity is low. (-10% MP)
                  | [potion of mutation]
101116 | Slime:5  | Lost mutation: Your body sometimes deteriorates upon taking
                  | damage. [potion of mutation]
101116 | Slime:5  | Gained mutation: Armour fits poorly on your strangely
                  | shaped body. [potion of mutation]
101116 | Slime:5  | Gained mutation: Your system is resistant to poisons.
                  | (rPois) [potion of mutation]
101117 | Slime:5  | Lost mutation: Your system is resistant to poisons. (rPois)
                  | [potion of mutation]
101117 | Slime:5  | Lost mutation: Armour fits poorly on your strangely shaped
                  | body. [potion of mutation]
101117 | Slime:5  | Lost mutation: You sometimes lose your temper in combat.
                  | [potion of mutation]
101177 | Slime:5  | Killed the Royal Jelly
101274 | Slime:5  | Identified the ring of Bairezan {Fly Dex+4}
101351 | Slime:5  | Identified the +7 ring mail of Servitude {Int+2}
101376 | Slime:5  | Got a slimy rune of Zot
101389 | Slime:5  | Identified the +3 pair of gloves "Calyesu" {Rampage rC+
                  | Int+6}
101932 | Vaults:5 | Entered Level 5 of the Vaults
101984 | Vaults:5 | Identified the +7 demon trident "Hoth" {pain, rCorr Str-2
                  | Int+2}
101990 | Vaults:5 | Reached skill level 5 in Earth Magic
101991 | Vaults:5 | Noticed a dread lich
101998 | Vaults:5 | Reached skill level 5 in Transmutations
102028 | Vaults:5 | Killed a dread lich
102467 | Vaults:5 | Got a silver rune of Zot
102662 | Vaults:5 | Identified the +1 robe of Wonder {Dex+4}
102704 | Vaults:5 | Noticed an ancient lich
102713 | Vaults:5 | Killed an ancient lich
103441 | Vaults:5 | Identified the ring "Tetzuh" {rF++ MP+9 Dex+4 Slay-2 SInv}
104117 | Vaults:5 | Reached XP level 24. HP: 198/208 MP: 39/41
104578 | Vaults:5 | Identified the +7 chain mail "Gyz Warph" {-Cast +Blink
                  | rPois rC-}
104580 | Vaults:5 | Identified the +0 cloak of the Swan {Int+3}
104593 | Vaults:5 | Identified the +4 dagger "Camext" {vorpal, rF+ rCorr Dex-2}
104743 | Vaults:5 | Bought the +0 pair of boots of the Dungeon {Str+4 Dex+5}
                  | for 364 gold pieces
104753 | Vaults:5 | Bought +2 gold dragon scales for 1104 gold pieces
104755 | Vaults:5 | Bought a scroll of teleportation for 66 gold pieces
104976 | Elf:1    | Entered Level 1 of the Elven Halls
105185 | Elf:1    | Got Sif Muna's Parchment of Generation
105588 | Elf:1    | Noticed Jorgrun
105599 | Elf:1    | Killed Jorgrun
106334 | Elf:2    | Noticed Zenata
106352 | Elf:2    | Killed Zenata
106581 | Elf:2    | Found a huge runed translucent gate.
106581 | Elf:2    | Found a huge runed translucent gate.
106582 | Elf:2    | Found a huge runed translucent gate.
106583 | Elf:2    | Found a huge runed translucent gate.
106590 | Elf:2    | Found a huge runed translucent gate.
107437 | Elf:3    | Entered Level 3 of the Elven Halls
107439 | Elf:3    | Paralysed by an air elemental for 1 turns
107445 | Elf:3    | Paralysed by an air elemental for 1 turns
107661 | Elf:3    | Found a portal to a secret trove of treasure.
107757 | Elf:3    | Found Quaduc's Magic Scroll Shoppe.
107771 | Elf:3    | Bought a scroll of enchant armour for 90 gold pieces
107771 | Elf:3    | Bought a scroll of enchant armour for 90 gold pieces
107801 | Elf:3    | Found a magical portal.
107808 | WizLab   | Entered Wucad Mu's Monastery
108053 | WizLab   | Found the +9 staff of Wucad Mu {*channel}
108087 | WizLab   | Gained mutation: Your melee attacks may debilitate your
                  | foes. [demonic ancestry]
108087 | WizLab   | Reached XP level 25. HP: 214/214 MP: 41/41
108395 | Elf:3    | Reached skill level 15 in Spellcasting
108471 | Elf:3    | Paralysed by an air elemental for 1 turns
109249 | Elf:3    | Identified the ring "Kiysh" {Wiz rElec rC- rCorr}
109388 | Elf:3    | Identified the ring of Ecwim {+Blink rN+ Will+ Int+2 Dex-5}
109392 | Elf:3    | Identified the +5 spear "Horu" {venom, Contam rC+ rCorr}
109392 | Elf:3    | Identified the +1 steam dragon scales of Summer {Fly rElec}
109458 | Elf:3    | Identified the +4 rapier "Tatemap" {elec, *Noise rC++
                  | Dex+7}
109481 | Elf:3    | Identified the +12 mace "Naeruiny" {elec, rC+}
109481 | Elf:3    | Identified the amulet "Aklyacs" {Harm Regen+}
109502 | Elf:3    | Got the Discursus on the Blizzard and Transmigration
109519 | Elf:3    | Identified the +6 battleaxe of Beogh's Reproof {vorpal,
                  | rElec rPois Will- Int+3}
109556 | Elf:3    | Identified the +0 shortbow "Jotuafec" {flame, rCorr}
109992 | Zot:1    | Entered Level 1 of the Realm of Zot
110272 | Crypt:1  | Entered Level 1 of the Crypt
111030 | Crypt:1  | Reached skill level 10 in Earth Magic
111187 | Crypt:1  | Reached skill level 10 in Transmutations
111362 | Crypt:2  | Gained mutation: You are completely covered in thin
                  | metallic scales. (AC +4, rElec) [demonic ancestry]
111362 | Crypt:2  | Reached XP level 26. HP: 199/224 MP: 40/42
111367 | Crypt:2  | Reached skill level 22 in Fighting
111664 | Crypt:2  | Found a transporter.
111737 | Crypt:2  | Noticed Hyrrirob's ghost (veteran GrEE)
111740 | Crypt:2  | Noticed Zievuyg's ghost (adept MiFi)
111740 | Crypt:2  | Noticed a royal mummy
111901 | Crypt:2  | Found a transporter.
112871 | Crypt:3  | Entered Level 3 of the Crypt
113458 | Crypt:3  | Found a basalt altar of Yredelemnul.
113775 | Crypt:3  | Identified the +7 dagger of Eternal Harmony {freeze, rN+
                  | Str+5}
113792 | Crypt:3  | Found the +7 sceptre of Torment {pain, torment}
114123 | Crypt:3  | Reached skill level 23 in Fighting
114135 | Crypt:3  | Identified the +0 scimitar of Ozirr {vamp, Str+2}
114191 | Crypt:3  | Noticed a dread lich
114191 | Crypt:3  | Found a staircase to the Tomb.
114207 | Crypt:3  | Killed a dread lich
114726 | Zot:1    | Reached skill level 1 in Hexes
115117 | Zot:1    | Reached skill level 5 in Hexes
115172 | Zot:1    | Bought the ring "Binizxu" {Fire Contam rCorr Str+10 Int+5}
                  | for 1079 gold pieces
115472 | Zot:1    | Found a huge runed gate.
115472 | Zot:1    | Found a huge runed gate.
115472 | Zot:1    | Found a huge runed gate.
115472 | Zot:1    | Found a huge runed gate.
115472 | Zot:1    | Found a huge runed gate.
115472 | Zot:1    | Found a huge runed gate.
115472 | Zot:1    | Found a huge runed gate.
115472 | Zot:1    | Found a huge runed gate.
115482 | Zot:1    | Found a huge runed gate.
115502 | Zot:1    | Found a huge runed gate.
115502 | Zot:1    | Found a huge runed gate.
115714 | Zot:1    | Found a huge runed gate.
115720 | Zot:1    | Found a huge runed gate.
115729 | Zot:1    | Found a huge runed gate.
115729 | Zot:1    | Found a huge runed gate.
115729 | Zot:1    | Found a huge runed gate.
115729 | Zot:1    | Found a huge runed gate.
115729 | Zot:1    | Found a huge runed gate.
115729 | Zot:1    | Found a huge runed gate.
115729 | Zot:1    | Found a huge runed gate.
115730 | Zot:1    | Found a huge runed gate.
115731 | Zot:1    | Found a huge runed gate.
115739 | Zot:1    | Found a huge runed gate.
115739 | Zot:1    | Found a huge runed gate.
115739 | Zot:1    | Found a huge runed gate.
115739 | Zot:1    | Found a huge runed gate.
115739 | Zot:1    | Found a huge runed gate.
115739 | Zot:1    | Found a huge runed gate.
115739 | Zot:1    | Found a huge runed gate.
115740 | Zot:1    | Found a huge runed gate.
115741 | Zot:1    | Found a huge runed gate.
115749 | Zot:1    | Found a huge runed gate.
115749 | Zot:1    | Found a huge runed gate.
115749 | Zot:1    | Found a huge runed gate.
115749 | Zot:1    | Found a huge runed gate.
115749 | Zot:1    | Found a huge runed gate.
116409 | Zot:1    | Learned a level 4 spell: Cause Fear
116413 | Zot:1    | Learned a level 3 spell: Tukima's Dance
116438 | Zot:2    | Learned a level 4 spell: Anguish
116648 | Zot:2    | Gained mutation: You are surrounded by an aura of silence.
                  | [demonic ancestry]
116648 | Zot:2    | Reached XP level 27. HP: 235/235 MP: 43/43
116884 | Zot:1    | Reached skill level 10 in Hexes
118130 | Zot:2    | Noticed an ancient lich
118131 | Zot:2    | Found a stormy altar of Qazlal.
118148 | Zot:2    | Killed an ancient lich
118173 | Zot:2    | Identified the +5 whip of the Ancients {vorpal, rN+ rCorr}
118367 | Zot:3    | Noticed Parghit
118375 | Zot:3    | Killed Parghit
118548 | Zot:3    | Identified the +6 whip "Ocias" {holy, rCorr Int+7}
119666 | Zot:4    | Reached skill level 15 in Hexes
120496 | Zot:5    | Entered Level 5 of the Realm of Zot
120567 | Zot:5    | Found a transporter.
120571 | Zot:5    | Found a transporter.
120573 | Zot:5    | Found a transporter.
120587 | Zot:5    | Found a transporter.
120604 | Zot:5    | Found a transporter.
120624 | Zot:5    | Found a transporter.
122017 | Zot:5    | Found a transporter.
122026 | Zot:5    | Found a transporter.
122038 | Zot:5    | Found a transporter.
122192 | Zot:5    | Found a transporter.
122199 | Zot:5    | Found a transporter.
122209 | Zot:5    | Found a transporter.
122282 | Zot:5    | Noticed an orb of fire
122296 | Zot:5    | Learned a level 5 spell: Blade Hands
122305 | Zot:5    | Learned a level 8 spell: Discord
122312 | Zot:5    | Noticed an orb of fire
122312 | Zot:5    | Noticed an orb of fire
122312 | Zot:5    | Noticed an orb of fire
122315 | Zot:5    | Gained mutation: You are dopey. (Int -2) [an orb of fire]
122320 | Zot:5    | Gained mutation: You sometimes lose your temper in combat.
                  | [an orb of fire]
122321 | Zot:5    | Killed an orb of fire
122325 | Zot:5    | Killed an orb of fire
122326 | Zot:5    | Gained mutation: Armour fits poorly on your strangely
                  | shaped body. [an orb of fire]
122327 | Zot:5    | Gained mutation: You have hidden genetic defects. [an orb
                  | of fire]
122328 | Zot:5    | Lost mutation: You sometimes lose your temper in combat.
                  | [an orb of fire]
122344 | Zot:5    | Gained mutation: You occasionally shout uncontrollably at
                  | your foes. [an orb of fire]
122346 | Zot:5    | Killed an orb of fire
122351 | Zot:5    | Killed an orb of fire
122374 | Zot:5    | Lost mutation: You have hidden genetic defects. [potion of
                  | mutation]
122374 | Zot:5    | Lost mutation: You occasionally shout uncontrollably at
                  | your foes. [potion of mutation]
122374 | Zot:5    | Lost mutation: You are dopey. (Int -2) [potion of mutation]
122374 | Zot:5    | Gained mutation: You have sharp toenails. [potion of
                  | mutation]
122374 | Zot:5    | Gained mutation: You possess an exceptional clarity of
                  | mind. [potion of mutation]
122374 | Zot:5    | Gained mutation: You are vulnerable to cold. (rC-) [potion
                  | of mutation]
122686 | Zot:5    | Reached skill level 24 in Fighting
122732 | Zot:5    | Got the Orb of Zot
122918 | Depths:4 | Noticed Tiank the pandemonium lord
123061 | D:12     | Noticed Lij Asu the pandemonium lord
123124 | D:10     | Noticed Ciomiu the pandemonium lord
123163 | D:11     | Noticed a seraph
123169 | D:10     | HP: 7/235 [seraph/+3 great sword of flaming (48)]
123192 | D:10     | Noticed Joqur the pandemonium lord
123208 | D:10     | Killed Joqur the pandemonium lord
123504 | D:$      | Escaped with the Orb!

Illustrated notes

Levels and vault maps discovered:
D:1:      elethiomel_arrival_diamonds, layout_rooms,
          shapermc_ecumenical_altar_ellora, chequers_mini_garden,
          grunt_decor_clamped, st_stairs_3, minmay_tromino_v4_a
D:2:      layout_basic, kennysheep_generic_room_5, uniq_jessica, uniq_terence
D:3:      layout_loops_ring
D:4:      layout_loops_cross, mainiacjoe_overflow_alcove_1, serial_shops,
          nicolae_shop_window_shopping, shop, uniq_edmund, uniq_blork_the_orc
D:5:      layout_rooms, kennysheep_decorative_pillar, uniq_ijyb
D:6:      layout_gridville, grunt_decor_cap
D:7:      layout_cave_pools, nicolae_ru_awakened_eye, minmay_temple_entry_waves
D:8:      layout_basic, marbit_many_paths, corner_web_ring, uniq_grum
D:9:      layout_loops_cross, mainiacjoe_overflow_tiny_flanked,
          erik_lair_island, minmay_misc_feat_rows, minivault_16, minivault_7,
          uniq_harold
D:10:     layout_grid_maze, trog_three_pillars_becter, general_overflow_altar,
          bh_walls_and_bars, uniq_erica
D:11:     dragon1_lemuel, layout_loops_corners, serial_shops,
          nicolae_shop_behind_doors
D:12:     layout_roguey, david_orc_3
D:13:     layout_rooms, david_vaults_2
D:14:     layout_stronghold, palyth_stone_intersect, uniq_josephine, uniq_azrael
D:15:     hangedman_spin_cycle
Lair:1:   layout_loops_ring
Lair:2:   layout_long_grid, nicolae_spider_entry_non_spiders,
          ebering_ghost_funeral_grove, uniq_amaemon
Lair:3:   layout_gridlike, swamp_mist, portal_ice_cave_entry_pillars_2
Lair:4:   layout_loops_ring, lemuel_oklob_altar
Lair:5:   gammafunk_lair_ancient_temple, layout_misc_corridors, slime_entry_1,
          grunt_megastairs_3
Swamp:1:  layout_basic_swamp, evilmike_swamp_ruin_house_3, swamp_pool3,
          hangedman_swamp_grove, uniq_mlioglotl, uniq_kirke, uniq_aizul
Swamp:2:  layout_basic_swamp, infiniplex_staircase_pool, swamp_pool2
Swamp:3:  layout_basic_swamp, hangedman_swamp_ruin_hall, swamp_pool1,
          uniq_louise, uniq_roxanne
Swamp:4:  grunt_swamp_rune_castle, layout_basic_swamp, uniq_bai_suzhen
Spider:1: layout_spider_delve
Spider:2: layout_cave_pods
Spider:3: layout_cave_pods, drop_trap
Spider:4: spider_rune_water
Slime:1:  layout_caves
Slime:2:  layout_caves, basic_altar
Slime:3:  layout_caves
Slime:4:  layout_caves
Slime:5
Orc:1:    layout_caves, serial_shops, nicolae_shop_behind_doors, basic_altar
Orc:2:    st_orc_ogre_mass, layout_caves, basic_altar, nicolae_shop_gadgets
Elf:1:    layout_loops_ring, minmay_elf_demonology, uniq_jorgrun
Elf:2:    elven_hall_of_blades_hangedman_alternative
          [nicolae_blade_entry_crossed_weapons], layout_loops_cross, uniq_zenata
Elf:3:    minmay_elf_hall_furrowed, layout_loops_corners, serial_shops,
          nicolae_lakefront_shop, infiniplex_enter_wizlab_glasses,
          nicolae_trove_entry_crossroad, minivault_16
Vaults:1: hangedman_vaults_stagger, v_alt_pattern_6, hangedman_vaults_stitches,
          st_hourglassy, vaults_room_stairs_pillars, v_rooms_6,
          nicolae_vaults_network_quinsquares
          [nicolae_vaults_network_quincunx_subvault,
          nicolae_vaults_network_quincunx_subvault,
          nicolae_vaults_network_quincunx_subvault,
          nicolae_vaults_network_quincunx_subvault], v_pattern_4,
          vaults_room_door_ring, nicolae_vaults_shelves_hall,
          ontoclasm_vaults_loading_screen, layout_vaults_ring, serial_shops,
          bzr_in_the_mist, uniq_saint_roka
Vaults:2: gammafunk_sealed_library, nicolae_vaults_border_crossing,
          hangedman_vaults_corner, v_misc_19, serial_ice_m,
          hangedman_vaults_unwind, vaults_room_pools, nicolae_vaults_rhombus_7,
          ontoclasm_vaults_chip, layout_vaults_omnibox, serial_shops,
          nicolae_shop_crystal
Vaults:3: minmay_crypt_entry_simple_statues, st_more_cells,
          hangedman_vaults_locks, grunt_vaults_hallway_long,
          vaults_room_hallway, hangedman_vaults_stretched_pinwheel,
          vaults_dpeg_spiral, grunt_vaults_funnel, layout_vaults_omnigrid
Vaults:4: ontoclasm_vaults_misaligned, dpeg_vaults_monster_box,
          nicolae_vaults_big_ls, ontoclasm_vaults_fault,
          nicolae_vaults_puzzle_piece, v_misc_8, hangedman_vaults_slither,
          grunt_vaults_trifunnel, ontoclasm_vaults_ring_small,
          nicolae_vaults_shelves_hall, v_misc_12, nicolae_vaults_statue_guard,
          grunt_vaults_hallway_short, nicolae_vaults_little_squares_6,
          layout_vaults_maze
Vaults:5
Crypt:1:  layout_chaotic_city
Crypt:2:  layout_catacombs, nzn_ghost_randoct, due_unseen_surprise
Crypt:3:  grunt_crypt_end_deaths_head
Depths:1: layout_cave_pools, hell_entry, chequers_jeans, abyss_entry,
          grunt_pan_entry_spiral, minmay_hedge_maze,
          hangedman_decor_clover_reticule, grunt_decor_resistance,
          kilobyte_rumbling_trees
Depths:2: nzn_winding_woodlands_medium [nzn_winding_woodlands_5x5_default,
          nzn_winding_woodlands_5x15_longhouse, nzn_winding_woodlands_5x5_three,
          nzn_winding_woodlands_5x5_checkerboard,
          nzn_winding_woodlands_center_lodge,
          nzn_winding_woodlands_5x5_open_star, nzn_winding_woodlands_hourglass,
          nzn_winding_woodlands_5x15_split_checker,
          nzn_winding_woodlands_5x5_closed_star], layout_cave_pools,
          grunt_mini_vestibule, gammafunk_ghost_crypt, rand_demon_pan_entry_1,
          abyss_entry_glasseish, hangedman_decor_diamond_cutter,
          nicolae_dithmenos_the_darkroom
Depths:3: minmay_skeletal_surprise, layout_basic, hell_entry,
          gammafunk_ghost_wrathful_warriors, marbit_kobold_abyss_entry,
          minmay_strange_pillars, minmay_staircase_statues,
          serial_bayou_shore_a, serial_bayou_shore_b
Depths:4: grunt_zot_entry_pinwheel, layout_cave_pools, enter_ziggurat_f,
          nicolae_abyss_entry_one_way_or_another, grunt_hell_entry_dis_old,
          nzn_hepliaklqana_mist_gate, serial_bayou_shore_b
Zot:1:    kennysheep_blocky_hall, layout_cathedral_of_symmetry,
          hangedman_zot_decor_scrapings, not_door_vault_due
Zot:2:    regret_index_qazlal_generations, layout_basic
Zot:3:    layout_cellular_growth, skrybe_zot_glass_1, uniq_parghit
Zot:4:    layout_concentric_octagons, grunt_megastairs_4, lemuel_elevator
Zot:5:    layout_twisted_circle, hangedman_zot_decor_checkerboard,
          serial_nicolae_subway, nicolae_sub_station_crystal,
          nicolae_sub_station_metal, nicolae_sub_station_stone

Skill      XL: |  1  2  3  4  5  6  7  8  9 10 11 12 13 14 15 16 17 18 19 20 21 22 23 24 25 26 27 |
---------------+----------------------------------------------------------------------------------+-----
Long Blades    | 2 |  2.9
Dodging        | 2 3 4 5 6 8 9 10 11 12 | 12.1
Stealth        | 5 6 7 8 9 11 12 13 | 13.7
Fighting       | 4 5 6 7 9 10 11 12 13 14 15 16 17 18 19 20 21 23 24 | 24.0
Unarmed Combat | 1 3 4 5 7 8 9 11 12 13 14 15 16 17 18 19 21 22 23 | 23.8
Armour         | 4 8 10 11 13 14 16 18 | 18.9
Evocations     | 3 6 8 10 | 10.9
Spellcasting   | 4 7 9 11 12 14 15 16 | 16.0
Transmutations | 3 7 9 10 11 | 11.3
Earth Magic    | 3 7 9 10 11 | 11.3
Hexes          | 9 17 | 17.6

Action                   |  1- 3 |  4- 6 |  7- 9 | 10-12 | 13-15 | 16-18 | 19-21 | 22-24 | 25-27 || total
-------------------------+-------+-------+-------+-------+-------+-------+-------+-------+-------++-------
Melee: Falchion          |   159 |    73 |       |       |       |       |       |       |       ||   232
       Punch             |       |     1 |       |    69 |   168 |   200 |   308 |   299 |   347 ||  1392
       Club              |       |    65 |       |       |       |       |       |       |       ||    65
       Sling             |       |       |     1 |       |       |       |       |       |       ||     1
       Scimitar          |       |       |     5 |    61 |       |       |       |       |       ||    66
       Unarmed           |       |       |       |   862 |  1639 |  1888 |  1957 |  1609 |  1757 ||  9712
       Lance             |       |       |       |       |       |       |       |     2 |       ||     2
       Kick              |       |       |       |       |       |       |       |       |     3 ||     3
 Fire: Sling             |       |    45 |   284 |    16 |       |       |       |       |       ||   345
Throw: Dart              |       |       |       |    30 |     3 |       |       |       |       ||    33
 Cast: Statue Form       |       |       |       |       |       |       |       |       |     5 ||     5
       Blade Hands       |       |       |       |       |       |       |       |       |     5 ||     5
       Enfeeble          |       |       |       |       |       |       |       |       |     3 ||     3
       Cause Fear        |       |       |       |       |       |       |       |       |     1 ||     1
Invok: Potion Petition   |       |       |       |     1 |     4 |     7 |     2 |     5 |     8 ||    27
       Call Merchant     |       |       |       |       |     1 |     1 |       |     4 |     3 ||     9
Evoke: Wand              |       |     4 |     9 |     9 |     1 |    33 |     6 |     4 |     7 ||    73
       Phantom mirror    |       |       |       |       |       |     2 |       |     1 |       ||     3
       Condenser vane    |       |       |       |       |       |       |       |     1 |     1 ||     2
       Box of beasts     |       |       |       |       |       |       |       |     1 |       ||     1
  Use: Potion            |     1 |     5 |     2 |     4 |     5 |     5 |     8 |    11 |    15 ||    56
       Scroll            |       |     6 |     5 |    11 |     7 |     9 |     9 |     1 |     8 ||    56
 Stab: Sleeping          |     9 |     5 |       |     4 |     6 |       |       |       |    17 ||    41
       Invisible         |       |       |       |     1 |       |     3 |       |     2 |       ||     6
       Distracted        |       |       |       |     2 |    21 |    23 |    13 |    20 |    26 ||   105
       Confused          |       |       |       |     1 |       |       |       |       |       ||     1
Armor: Leather armour    |    64 |    14 |       |       |       |       |       |       |       ||    78
       Scale mail        |       |    57 |    77 |       |       |       |       |       |       ||   134
       Chain mail        |       |       |     2 |   404 |   517 |       |       |       |       ||   923
       Plate armour      |       |       |       |       |   216 |  1678 |  1107 |   786 |   338 ||  4125
       Skin              |       |       |       |       |       |       |     2 |       |    48 ||    50
       Ice dragon scales |       |       |       |       |       |       |       |       |   321 ||   321
Dodge: Dodged            |   151 |    79 |   162 |   486 |   765 |  1423 |   918 |   565 |   668 ||  5217
Block: Other             |       |       |       |       |       |       |       |   161 |   223 ||   384
       Reflection        |       |       |       |       |       |       |       |     7 |     7 ||    14

Table legend: (Time is in decaauts)
 A = Elapsed time spent in this place.
 B = Non-inter-level travel time spent in this place.
 C = Inter-level travel time spent in this place.
 D = Time resting spent in this place.
 E = Time spent auto-exploring this place.
 F = Levels seen in this place.
 G = Mean time per level.
                   A        B        C        D        E       F      G
               +--------+--------+--------+--------+--------+-----+--------+
         Total | 121311 | 113773 |   7538 |  43324 |  45227 |  58 | 2091.6 |
       Dungeon |  37230 |  34367 |   2863 |  14223 |  14130 |  15 | 2482.0 |
          Lair |  12515 |  11800 |    715 |   4636 |   5188 |   5 | 2503.0 |
         Swamp |   9567 |   9298 |    269 |   5348 |   2460 |   4 | 2391.8 |
   Spider Nest |  11328 |  10601 |    727 |   5829 |   2456 |   4 | 2832.0 |
    Slime Pits |   1854 |   1793 |     61 |    695 |      0 |   5 |  370.8 |
  Orcish Mines |   3643 |   3493 |    150 |   1111 |   1682 |   2 | 1821.5 |
   Elven Halls |   4354 |   4095 |    259 |    358 |   2572 |   3 | 1451.3 |
        Vaults |  14929 |  13761 |   1168 |   3742 |   6658 |   5 | 2985.8 |
         Crypt |   3877 |   3709 |    168 |    116 |   2202 |   3 | 1292.3 |
        Depths |  11682 |  10955 |    727 |   4390 |   4269 |   4 | 2920.5 |
           Zot |   7467 |   7040 |    427 |   1589 |   2934 |   5 | 1493.4 |
        Bazaar |    110 |    110 |      0 |      0 |     37 |   1 |  110.0 |
      Ice Cave |   2341 |   2341 |      0 |   1251 |    559 |   1 | 2341.0 |
        Wizlab |    409 |    409 |      0 |     34 |     78 |   1 |  409.0 |
               +--------+--------+--------+--------+--------+-----+--------+

Top non-repeatable levels by time:
 Swamp:3: 5209 daAuts
Depths:2: 4203 daAuts
    D:15: 4089 daAuts
     D:8: 4003 daAuts
Spider:3: 3960 daAuts
     D:9: 3859 daAuts
     D:7: 3604 daAuts
Vaults:2: 3428 daAuts
Vaults:3: 3313 daAuts
  Lair:5: 3128 daAuts
Spider:2: 3062 daAuts
Vaults:4: 3059 daAuts
  Lair:4: 2905 daAuts
Vaults:1: 2851 daAuts
    D:10: 2816 daAuts
